 Dungeon Crawl Stone Soup version 0.31-a0-1611-g890cdf5 (webtiles) character file.

Game seed: 18207072582186926973

194 PidgeyThePirate the Chopper (level 5, 0/46 HPs)
             Began as a Demonspawn Chaos Knight on Jan 8, 2024.
             Was a Plaything of Xom.
             Slain by a gnoll
             ... wielding a +0 flail
              (10 damage)
             ... on level 4 of the Dungeon.
             The game lasted 00:06:19 (2866 turns).

PidgeyThePirate the Chopper (DsCK)                  Turns: 2866, Time: 00:06:19

Health: 0/46       AC:  5    Str: 14    XL:     5   Next: 44%
Magic:  5/5        EV: 12    Int: 13    God:    Xom [....*.]
Gold:   169        SH:  0    Dex: 18    Spells: 4/4 levels left

rFire   . . .        a - +0 hand axe (chaos)
rCold   . . .        (no shield)
rNeg    . . .        p - +1 leather armour {Will+}
rPois   .            (helmet restricted)
rElec   .            (no cloak)
rCorr   .            (no gloves)
SInv    .            (no boots)
Will    +....        (no amulet)
Stlth   ++           r - +6 ring of dexterity
HPRegen 0.27/turn    (no ring)
MPRegen 0.09/turn

%: no passive effects
@: lethally poisoned (0 -> -6)
A: horns 2, ignite blood 2, spiny 1, robust 1, shaggy fur 1, sturdy frame 1
a: Renounce Religion


You were on level 4 of the Dungeon.
You worshipped Xom.
You were a beloved toy of Xom.
You visited 1 branch of the dungeon, and saw 4 of its levels.

You collected 169 gold pieces.

Inventory:

Hand Weapons
 a - a +0 hand axe of chaos (weapon)
Armour
 b - a +2 leather armour
 p - a +1 leather armour of willpower (worn)
Jewellery
 r - a +6 ring of dexterity (left hand)
Scrolls
 c - a scroll of butterflies
 e - a scroll of noise
 h - a scroll of immolation {unknown}
 m - 3 scrolls of identify {unknown}
 o - a scroll of blinking {unknown}
 q - a scroll of enchant weapon {unknown}
Potions
 d - a potion of might {unknown}
 f - a potion of magic {unknown}
 g - a potion of ambrosia {unknown}
 i - a potion of curing
 j - a potion of cancellation {unknown}
 k - a potion of enlightenment {unknown}
 l - 2 potions of brilliance {unknown}
 n - 2 potions of haste {unknown}
 s - a potion of heal wounds {unknown}
 t - a potion of invisibility {unknown}


   Skills:
 + Level 3.8 Fighting
 * Level 4.7 Axes
 + Level 2.1 Armour
 + Level 1.5 Dodging
 + Level 0.8 Stealth


You had 4 spell levels left.
You didn't know any spells.
Your spell library contained the following spells:

 Spells                   Type           Power      Damage    Failure   Level
 Tukima's Dance           Hex            0%         N/A       67%         3
 Dimensional Bullseye     Hex/Tloc       0%         N/A       97%         4
 Iskenderun's Mystic Bla  Conj/Tloc      0%         2d3       97%         4
 Summon Forest            Summ/Tloc      0%         N/A       100%        5
 Eringya's Noxious Bog    Alch           0%         4d6       100%        6
 Summon Hydra             Summ           0%         N/A       100%        7


Dungeon Overview and Level Annotations

Branches:
Dungeon (4/15)
 Temple: D:4-7

Altars:
Ashenzari
Cheibriados
Xom

Shops:
D:2 (   D:3 (

Annotations:
D:3 2 transporters


Innate Abilities, Weirdness & Mutations

You have a pair of horns on your head.
Your demonic aura often causes spilled blood to erupt in flames.
You are partially covered in sharp spines.
You are robust. (+10% HP)
You are covered in fur. (AC +1)
Your movements are slightly less encumbered by armour. (ER -2)


Message History

The howler monkey closely misses you.
You hit the howler monkey.
Lightning courses through the howler monkey!
Your headbutt misses the howler monkey.
The howler monkey is almost dead.
You feel very sick.
The howler monkey is struck by your spines.
You kill the howler monkey!
You completely miss the gnoll.
The gnoll is moderately wounded.
You feel sick. The gnoll is struck by your spines.
The gnoll closely misses you.
You closely miss the gnoll.
The gnoll is heavily wounded.
You feel sick.
You feel sick.
The gnoll hits you with a +2 whip of venom.
* * * LOW HITPOINT WARNING * * *
You are more poisoned.
* * * LOW HITPOINT WARNING * * *
You feel very sick.
It was a potion of curing.
You feel better. The gnoll barely misses you.
An orc wizard comes into view. It is wielding a +0 whip.
You closely miss the gnoll. You headbutt the gnoll.
The gnoll is severely wounded.
The gnoll is struck by your spines.
The gnoll hits you with a +2 whip of venom.
You are poisoned.
You hit the gnoll. You freeze the gnoll.
You kill the gnoll!
You feel very sick.
An orc priest comes into view. It is wielding a +0 whip.
An orc wizard comes into view. It is wielding a +0 dagger.
Okay, then.
As you read the scroll labelled JAOHIBUPSEASS, it crumbles to dust.
You hear a loud clanging noise!
It was a scroll of noise.
You feel sick. The gnoll is struck by your spines.
The gnoll hits you with a +0 flail!
You die...
Xom howls with laughter!

...............#....#
...............+....#
...............#....
#....###########.)######
#[...##.......##........
#....##..<.....#.##...##
...............'g# .#
...............#g#
.....##....>..##@#
.....##.......##.#
..............##o#
..............+..#
.....)........#..#
..............#..o
..............#...
..............#..o
#....##.......# ..


You could see an orc priest, 2 orc wizards and 2 gnolls.

Vanquished Creatures
  A howler monkey (D:4)
  Jessica (D:2)
  2 gnolls (D:4)
  2 adders
  2 dart slugs
  A ribbon worm (D:4)
  3 orcs (D:3)
  2 endoplasms
  4 giant cockroaches
  6 goblins
  5 hobgoblins
  2 jackals (D:1)
  A quokka (D:3)
  8 ball pythons
  6 bats
  4 frilled lizards
  3 kobolds
  6 rats
59 creatures vanquished.

Vanquished Creatures (collateral kills)
  An orc wizard (D:3)
  A dart slug (D:3)
  A hobgoblin (D:3)
  A ball python (D:3)
  A rat (D:3)
5 creatures vanquished.

Grand Total: 64 creatures vanquished

Notes
Turn   | Place    | Note
-------+----------+-------------------------------------------
     0 | D:1      | PidgeyThePirate the Demonspawn Chaos Knight began the quest
                  | for the Orb.
     0 | D:1      | Reached XP level 1. HP: 18/18 MP: 1/1
   158 | D:1      | Reached skill level 3 in Axes
   158 | D:1      | Gained mutation: You are partially covered in sharp spines.
                  | [demonic ancestry]
   158 | D:1      | Reached XP level 2. HP: 24/24 MP: 2/2
   668 | D:1      | XOM: silly message
   864 | D:2      | Found a faded altar of an unknown god.
  1201 | D:2      | Noticed Jessica
  1209 | D:2      | XOM: potion effect (attraction)
  1211 | D:2      | Killed Jessica
  1212 | D:2      | Reached skill level 1 in Dodging
  1212 | D:2      | Gained mutation: Your demonic aura sometimes causes spilled
                  | blood to erupt in flames. [demonic ancestry]
  1212 | D:2      | Reached XP level 3. HP: 27/29 MP: 3/3
  1336 | D:2      | Found a snail-covered altar of Cheibriados.
  1436 | D:2      | Found Dacyolet's Weapon Boutique.
  1637 | D:3      | XOM: 1-stop teleportation journey
  1762 | D:3      | Reached skill level 4 in Axes
  1762 | D:3      | Gained mutation: You have a pair of small horns on your
                  | head. [demonic ancestry]
  1762 | D:3      | Reached XP level 4. HP: 31/36 MP: 4/4
  1829 | D:3      | Noticed an ogre
  1840 | D:3      | XOM: scenery: create altars
  1899 | D:3      | Found Kiodum's Weapon Shop.
  1941 | D:3      | XOM: give mutations
  1941 | D:3      | Gained mutation: You have a pair of horns on your head.
                  | [Xom's grace]
  1941 | D:3      | Gained mutation: You are covered in fur. (AC +1) [Xom's
                  | grace]
  1941 | D:3      | Gained mutation: You are robust. (+10% HP) [Xom's grace]
  1941 | D:3      | Gained mutation: Your movements are slightly less
                  | encumbered by armour. (ER -2) [Xom's grace]
  2095 | D:3      | Found a transporter.
  2100 | D:3      | Noticed an ice beast
  2101 | D:3      | Found a transporter.
  2108 | D:3      | Noticed a bullfrog
  2122 | D:3      | Found a broken altar of Ashenzari.
  2508 | D:4      | XOM: summons 3 hostile shadow creatures
  2522 | D:4      | HP: 2/40 [poisoned by a goblin]
  2704 | D:4      | Noticed a scorpion
  2715 | D:4      | XOM: 2-stop teleportation journey
  2744 | D:4      | XOM: god gift: viscous brown potion {god gift}
  2834 | D:4      | Gained mutation: Your demonic aura often causes spilled
                  | blood to erupt in flames. [demonic ancestry]
  2834 | D:4      | Reached XP level 5. HP: 46/46 MP: 5/5
  2866 | D:4      | Slain by a gnoll

Illustrated notes

Levels and vault maps discovered:
D:1:      dpeg_arrival_erosion, layout_basic, minivault_4
D:2:      layout_basic, serial_curves, eino_curves_03, eino_curves_01,
          eino_curves_04, basic_ecumenical_altar, serial_shops, shop,
          basic_altar, uniq_jessica
D:3:      layout_basic, gammafunk_temple_overflow_arena, serial_shops, shop,
          minmay_goblin_kobold_house
D:4:      layout_gridville, minmay_temple_entry_fiery,
          serial_library_hellmonk_hallway_a, nicolae_shop_i_like_big_books,
          uniq_blork_the_orc

Skill      XL: |  1  2  3 |
---------------+----------+-----
Axes           | 3 4 |  4.7
Dodging        | 1 |  1.5
Armour         | 2 |  2.1
Fighting       | |  3.8
Stealth        | |  0.8

Action                     |  1- 3 |  4- 6 || total
---------------------------+-------+-------++-------
  Melee: Hand axe          |    58 |    39 ||    97
         Punch             |     1 |       ||     1
         Headbutt          |       |     4 ||     4
    Use: Scroll            |       |     1 ||     1
         Potion            |       |     1 ||     1
   Stab: Sleeping          |     1 |     1 ||     2
 Armour: Leather armour    |    30 |    29 ||    59
  Dodge: Dodged            |    40 |    28 ||    68

Table legend: (Time is in decaauts)
 A = Elapsed time spent in this place.
 B = Non-inter-level travel time spent in this place.
 C = Inter-level travel time spent in this place.
 D = Time resting spent in this place.
 E = Time spent auto-exploring this place.
 F = Levels seen in this place.
 G = Mean time per level.
                   A        B        C        D        E       F      G
               +--------+--------+--------+--------+--------+-----+--------+
         Total |   2876 |   2754 |    122 |      0 |   2108 |   4 |  719.0 |
       Dungeon |   2876 |   2754 |    122 |      0 |   2108 |   4 |  719.0 |
               +--------+--------+--------+--------+--------+-----+--------+

Top non-repeatable levels by time:
     D:3: 858 daAuts
     D:1: 778 daAuts
     D:2: 741 daAuts
     D:4: 499 daAuts
